 Dungeon Crawl Stone Soup version 0.30-b1-2-g02819fbbbe (webtiles) character file.

Game seed: 6846592162501935629

539687 redmage the Sorcerer (level 26, -11/252 HPs)
             Began as a Meteoran Earth Elementalist on Sept 4, 2023.
             Was the Champion of Sif Muna.
             Mangled by a sun demon (19 damage)
             ... led by a balrug
             ... in Pandemonium on Sept 6, 2023.
             The game lasted 05:55:22 (12144 turns).

redmage the Sorcerer (Meteoran Earth Elementalist) Turns: 12144, Time: 05:55:23

Health: -11/252    AC: 35    Str: 16    XL:     26   Next: 43%
Magic:  18/59      EV: 20    Int: 28    God:    Sif Muna [******]
Gold:   271        SH:  7    Dex: 17    Spells: 6/70 levels left

rFire   . . .        a - +7 scimitar (holy)
rCold   + . .        T - +3 warlock's mirror {omnireflect}
rNeg    + + .        q - melded +4 troll leather armour
rPois   ∞            U - +2 helmet {Int+3}
rElec   +            v - +2 cloak {Will+}
rCorr   .            j - melded -1 pair of gloves "Fugamuri" {rF+ rC+ Dex+3}
SInv    +            f - melded +1 pair of boots {Stlth+}
Will    +++++        z - amulet "Estueg" {rN+ Regen+ SInv}
Stlth   +            O - ring "Fuhu" {rC+ EV+5 Int+2 Dex+2 Slay+2}
HPRegen 1.42/turn    u - ring of Pifeativoe {+Blink Will+ MP+9 Dex-3}
MPRegen 0.36/turn

%: reflection
@: statue-form, death channelling, glowing, very slow
A: slow and powerful, torment resistance 1, boosted hp, sense surroundings 3,
otherworldly, glowing, explore regen, mutation resistance 1, screaming 2, strong
1, subdued magic 1
}: 7/15 runes: barnacled, slimy, silver, abyssal, demonic, magical, gossamer
a: End Transformation, Renounce Religion, Evoke Blink, Channel Magic, Forget
Spell, Divine Exegesis


You were in Pandemonium.
You worshipped Sif Muna.
Sif Muna was exalted by your worship.
You were a living statue of rough stone.
You visited 9 branches of the dungeon, and saw 45 of its levels.
You visited Pandemonium 3 times, and saw 10 of its levels.
You visited the Abyss 2 times.
You visited 1 bazaar.

You collected 5006 gold pieces.
You spent 4735 gold pieces at shops.

Inventory:

Hand Weapons
 a - a +7 scimitar of holy wrath (weapon)
 c - the +8 frozen axe "Frostbite" {freeze, freezing cloud, *Noise Fly rC+}
   (You took it off a purple draconian on level 4 of the Depths)

   rC:        It protects you from cold.
   Fly:       It grants you flight.
   *Noise:    It may make noises in combat.
 w - a +1 double sword of flaming
Missiles
 s - 5 throwing nets
Armour
 f - a +1 pair of boots of stealth (melded)
 j - the -1 pair of gloves "Fugamuri" (melded) {rF+ rC+ Dex+3}
   (You found it on level 3 of the Depths)

   Dex:       It affects your dexterity (+3).
   rF:        It protects you from fire.
   rC:        It protects you from cold.
 q - a +4 troll leather armour (melded)
 v - a +2 cloak of willpower (worn)
 D - the +2 cloak of the Carpenter {rPois Int-3 Dex-3 Slay+4}
   (You found it on level 5 of the Pits of Slime)

   Int:       It affects your intelligence (-3).
   Dex:       It affects your dexterity (-3).
   Slay:      It affects your accuracy & damage with ranged weapons and melee
   (+4).
   rPois:     It protects you from poison.
 T - the +3 warlock's mirror (worn) {omnireflect}
   (You bought it in a shop on level 1 of the Depths)

   Omnireflect: It can block and reflect piercing ranged attacks and magical
   attacks against the wielder's willpower.
 U - a +2 helmet of intelligence (worn)
 Z - a scarf of shadows
Magical Staves
 m - the staff of earth "Oloika" {rPois rF+ MP+9}
   (You acquired it on level 2 of the Lair of Beasts)

   [staff of earth]

   Base accuracy: +5 Base damage: 5 Base attack delay: 1.2 This weapon's minimum
   attack delay (0.6) is reached at skill level 12.
   rF:        It protects you from fire.
   rPois:     It protects you from poison.
   MP:        It affects your magic capacity (+9).
   It falls into the 'Staves' category.
   It is a one-handed weapon.
 E - a staff of air
Jewellery
 n - an amulet of magic regeneration
 u - the ring of Pifeativoe (right fist) {+Blink Will+ MP+9 Dex-3}
   (You found it on level 3 of the Depths)

   [ring of willpower]

   Dex:       It affects your dexterity (-3).
   MP:        It affects your magic capacity (+9).
   +Blink:    It lets you blink.
   Will:      It increases your willpower.
 y - a ring of see invisible
 z - the amulet "Estueg" (around neck) {rN+ Regen+ SInv}
   (You found it in Pandemonium)

   [amulet of regeneration]

   rN:        It protects you from negative energy.
   SInv:      It lets you see invisible.
   Regen:     It increases your rate of health regeneration.
 J - the amulet "Egus" {Acrobat Str+3 Dex+5}
   (You found it on level 5 of the Vaults)

   [amulet of the acrobat]

   It increases your evasion while moving and waiting.
   Str:       It affects your strength (+3).
   Dex:       It affects your dexterity (+5).
 K - the ring "Ditosch" {rF+ rN+ Str+3}
   (You took it off a deep elf sorcerer on level 5 of the Vaults)

   [ring of protection from fire]

   Str:       It affects your strength (+3).
   rF:        It protects you from fire.
   rN:        It protects you from negative energy.
 O - the ring "Fuhu" (left fist) {rC+ EV+5 Int+2 Dex+2 Slay+2}
   (You found it on level 5 of the Pits of Slime)

   [ring of evasion]

   EV:        It affects your evasion (+5).
   Int:       It affects your intelligence (+2).
   Dex:       It affects your dexterity (+2).
   Slay:      It affects your accuracy & damage with ranged weapons and melee
   (+2).
   rC:        It protects you from cold.
 S - the ring of Ejoan {Ice rPois Will+++ Int-4 Stlth+}
   (You found it on level 3 of the Spider Nest)

   [ring of ice]

   It enhances your ice magic.
   Int:       It affects your intelligence (-4).
   rF:        It makes you vulnerable to fire.
   rC:        It protects you from cold.
   rPois:     It protects you from poison.
   Will:      It greatly increases your willpower.
   Stlth:     It makes you more stealthy.
 W - a ring of resist corrosion
Wands
 t - a wand of roots (16)
 L - a wand of digging (14)
 Q - a wand of quicksilver (24)
Scrolls
 e - 4 scrolls of identify
 i - 9 scrolls of poison
 l - 5 scrolls of immolation
 o - 3 scrolls of butterflies
 B - 4 scrolls of torment
 F - 10 scrolls of teleportation
 M - a scroll of blinking
 P - 5 scrolls of fear
 R - 3 scrolls of fog
 Y - a scroll of silence
Potions
 b - 7 potions of magic
 h - 4 potions of cancellation
 k - 24 potions of curing
 p - 7 potions of mutation
 r - 7 potions of might
 x - 4 potions of lignification
 C - 4 potions of haste
 G - 6 potions of flight
 H - 8 potions of ambrosia
 I - 9 potions of heal wounds
 N - 6 potions of brilliance
Miscellaneous
 g - a box of beasts


   Skills:
 - Level 8.0 Fighting
 - Level 14.0 Long Blades
 - Level 6.0 Armour
 - Level 6.6 Dodging
 - Level 1.4 Stealth
 + Level 22.8 Spellcasting
 - Level 10.0 Conjurations
 - Level 18.0 Necromancy
 - Level 4.6 Translocations
 - Level 14.0 Transmutations
 - Level 12.0 Fire Magic
 - Level 4.0 Ice Magic
 - Level 18.0 Air Magic
 * Level 20.8 Earth Magic
 - Level 11.7 Poison Magic
 + Level 10.3 Invocations
 - Level 1.8 Evocations


You had 6 spell levels left.
You knew the following spells:

 Your Spells              Type           Power      Damage    Failure   Level
a - Borgnjor's Vile Clut  Necr/Erth      41%        N/A       0%          5
b - Passwall              Tmut/Erth      65%        N/A       0%          2
c - Iron Shot             Conj/Erth      37%        9d7       1%          6
d - Eringya's Noxious Bo  Tmut/Pois      34%        N/A       1%          6
e - Freezing Cloud        Conj/Ice/Air   31%        6-21      1%          5
f - Infestation           Necr           40%        N/A       4%          8
g - Death Channel         Necr           40%        N/A       1%          6
h - Plasma Beam           Fire/Air       36%        2x1d54    1%          6
i - Maxwell's Capacitive  Air            40%        ∞         4%          8
j - Blink                 Tloc           88%        N/A       1%          2
k - Ignite Poison         Fire/Tmut/Pois 68%        N/A       0%          3
q - Apportation           Tloc           88%        N/A       1%          1
w - Statue Form           Tmut/Erth      52%        N/A       1%          6

Your spell library contained the following spells:

 Spells                   Type           Power      Damage    Failure   Level
 Foxfire                  Conj/Fire      100%       2x1d9     0%          1
 Kiss of Death            Conj/Necr      100%       2d13      0%          1
 Magic Dart               Conj           100%       1d8       0%          1
 Necrotise                Necr           100%       1d9       0%          1
 Sandblast                Erth           100%       2d20      0%          1
 Shock                    Conj/Air       100%       1d9       0%          1
 Sting                    Tmut/Pois      100%       1d8       0%          1
 Cigotuvi's Dreadful Rot  Necr/Pois/Air  100%       N/A       0%          2
 Poisonous Vapours        Pois/Air       100%       N/A       0%          2
 Scorch                   Fire           100%       2d9       0%          2
 Static Discharge         Conj/Air       100%       2-7/arc   0%          2
 Sublimation of Blood     Necr           80%        N/A       0%          2
 Wereblood                Tmut           71%        N/A       0%          2
 Mephitic Cloud           Conj/Pois/Air  69%        N/A       0%          3
 Stone Arrow              Conj/Erth      100%       3d13      0%          3
 Swiftness                Air            80%        N/A       0%          3
 Vampiric Draining        Necr           80%        2d11      0%          3
 Airstrike                Air            40%        2d(6-22)  0%          4
 Animate Dead             Necr           80%        N/A       0%          4
 Dispel Undead            Necr           80%        3d26      0%          4
 Petrify                  Tmut/Erth      79%        N/A       0%          4
 Agony                    Necr           80%        N/A       0%          5
 Freeze                   Ice            100%       1d10      1%          1
 Slow                     Hex            96%        N/A       1%          1
 Summon Small Mammal      Summ           96%        N/A       1%          1
 Call Imp                 Summ           48%        N/A       1%          2
 Lesser Beckoning         Tloc           88%        N/A       1%          2
 Momentum Strike          Conj/Tloc      100%       3d10      1%          2
 Searing Ray              Conj           100%       2d8       1%          2
 Dazzling Flash           Conj/Hex       92%        N/A       1%          3
 Frozen Ramparts          Ice            82%        1d13      1%          3
 Gell's Gravitas          Tloc           44%        N/A       1%          3
 Hailstorm                Conj/Ice       53%        3d12      1%          3
 Inner Flame              Hex/Fire       50%        N/A       1%          3
 Ozocubu's Armour         Ice            41%        N/A       1%          3
 Teleport Other           Tloc           44%        N/A       1%          3
 Vhi's Electric Charge    Tloc/Air       100%       N/A       1%          3
 Volatile Blastmotes      Fire/Tloc      100%       2d18      1%          3
 Anguish                  Hex/Necr       29%        N/A       1%          4
 Animate Armour           Summ/Erth      100%       N/A       1%          4
 Flame Wave               Conj/Fire      64%        2d15      1%          4
 Fulminant Prism          Conj/Hex       23%        3d12      1%          4
 Iskenderun's Mystic Bla  Conj/Tloc      54%        2d12      1%          4
 Leda's Liquefaction      Hex/Erth       31%        N/A       1%          4
 Manifold Assault         Tloc           44%        N/A       1%          4
 Olgreb's Toxic Radiance  Pois           66%        N/A       1%          4
 Sticky Flame             Conj/Fire      64%        2d8       1%          4
 Summon Lightning Spire   Summ/Air       59%        N/A       1%          4
 Alistair's Intoxication  Tmut/Pois      45%        N/A       1%          5
 Arcjolt                  Conj/Air       35%        1d45      1%          5
 Blade Hands              Tmut           35%        N/A       1%          5
 Fireball                 Conj/Fire      32%        3d14      1%          5
 Irradiate                Conj/Tmut      33%        3d22      1%          5
 Iskenderun's Battlesphe  Conj           61%        2d11      1%          5
 Silence                  Hex/Air        29%        N/A       1%          5
 Yara's Violent Unravell  Hex/Tmut       26%        3d11      1%          5
 Conjure Ball Lightning   Conj/Air       35%        3x3d11    1%          6
 Simulacrum               Ice/Necr       32%        N/A       1%          6
 Starburst                Conj/Fire      32%        6d10      1%          6
 Confusing Touch          Hex            24%        N/A       3%          3
 Summon Guardian Golem    Hex/Summ       24%        N/A       3%          3
 Summon Forest            Summ/Tloc      17%        N/A       13%         5
 Metabolic Englaciation   Hex/Ice        16%        N/A       14%         5
 Dispersal                Tloc           22%        N/A       28%         6
 Summon Mana Viper        Hex/Summ       24%        N/A       32%         5
 Storm Form               Tmut/Air       38%        N/A       1%          7
 Borgnjor's Revivificati  Necr           40%        N/A       4%          8
 Necromutation            Tmut/Necr      38%        N/A       11%         8
 Lehudib's Crystal Spear  Conj/Erth      37%        10d9      14%         8
 Orb of Destruction       Conj           30%        9d10      17%         7
 Shatter                  Erth           42%        3d33*     24%         9
 Haunt                    Necr/Summ      29%        N/A       26%         7
 Ignition                 Fire           33%        3d10      52%         8
 Death's Door             Necr           40%        N/A       61%         9
 Spellforged Servitor     Conj/Summ      23%        N/A       80%         7
 Malign Gateway           Summ/Tloc      17%        N/A       99%         7
 Chain Lightning          Conj/Air       35%        3d47      99%         9
 Enfeeble                 Hex            12%        N/A       100%        7
 Discord                  Hex            12%        N/A       100%        8
 Disjunction              Tloc           22%        N/A       100%        8
 Fire Storm               Conj/Fire      32%        8d8       100%        9


Dungeon Overview and Level Annotations

Branches:
Dungeon (15/15) Zot: 6410  Temple (1/1) D:5 Zot: 561    Lair (5/5) D:9 Zot: 928
 Shoals (4/4) Lair:3 Zot: 1758  Spider (4/4) Lair:2 Zot: 1385   Slime (5/5) Lair:4 Zot: 2212
    Orc (2/2) D:10 Zot: 669     Elf (0/3) Orc:2        Vaults (5/5) D:13 Zot: 1444
  Crypt (0/3) Vaults:2     Depths (4/4) D:15 Zot: 184     Zot (0/5) Depths:4

Altars:
Hepliaklqana
Kikubaaqudgha
Okawaru
Sif Muna
Trog
Uskayaw
Wu Jian
Xom
Jiyva

Shops:
D:7 !   Orc:2 !*[?   Vaults:2 ?!(:   Vaults:3 *   Depths:1 [?

Portals:
Hell: Depths:1 Depths:2 Depths:3 Depths:4
Abyss: Depths:3
Pandemonium: Depths:2

Annotations:
D:8 1 runed translucent door, diceflayer's ghost, novice DsFi
Spider:2 3 runed translucent doors, LLlMATKO's ghost, adept MiBe; carontestyx's ghost, adept OgBe
Vaults:5 Mennas
Depths:3 exclusion: 2 lightning spires


Innate Abilities, Weirdness & Mutations

You are a living statue of rough stone.
Your actions are slow, but your melee attacks are powerful.
You are resistant to unholy torment.
Your maximum health is greatly increased.
You are immune to poison.
Your equipment is partially melded.
You passively map a large area around you.
You are easily found by Zot.
You glow in the dark.
You regain HP and MP as you explore.
You are somewhat resistant to further mutation.
You frequently scream uncontrollably at your foes.
Your muscles are strong. (Str +4, Int/Dex -1)
Your spells are a little easier to cast, but a little less powerful.


Message History

Unknown command.
Unknown command.
Casting: Death Channel (safe; 1% risk of failure)
Confirm with . or Enter, or press ? or * to list all spells.
Aiming: Infestation (dangerous; 4% risk of failure)
Press: ? - help, Dir - move target You call forth a plague of scarabs!
The sun demon is infested!
The ynoxinul is infested!
Your spectral balrug is unaffected.
The sun demon is infested! x2
Your death scarab closely misses the sun demon.
Your death scarab barely misses the sun demon.
Your death scarab bites the sun demon!
Your death scarab drains the sun demon's vigour!
The sun demon seems to slow down.
Your spectral Executioner hits the demonspawn warmonger but does no damage. x3
The sun demon hits you.
* * * LOW HITPOINT WARNING * * *
You are engulfed in flames!
* * * LOW HITPOINT WARNING * * *
The sun demon hits you but does no damage.
Your death scarab closely misses the sun demon.
Your spectral balrug barely misses the sun demon.
The efreet gestures at you.
The fireball explodes!
The fireball engulfs you!!
* * * LOW HITPOINT WARNING * * *
The fireball engulfs your death scarab!!
The fireball engulfs the sun demon.
The sun demon completely resists.
The fireball engulfs your spectral demonspawn warmonger!!
The fireball engulfs the sun demon.
The sun demon completely resists.
The fireball engulfs the sun demon.
The sun demon completely resists.
The ynoxinul gestures.
Your spectral Executioner closely misses the demonspawn warmonger.
Your spectral Executioner hits the demonspawn warmonger but does no damage.
Your spectral Executioner hits the demonspawn warmonger.
The sun demon hits your death scarab but does no damage.
The sun demon hits you.
* * * LOW HITPOINT WARNING * * *
You are engulfed in flames!!
You die...

, * * , , ∩ , , *
##..####### , , ,,
, * , #.........##.
* * ,
☼###............ ,
,, *
.°°...........#.***
, ,
...R.....B..5..., *
,, ......ZB....35.,
, * ,,,, * ,
*#.6B..3...# ,, , ,
, , , ,
#.Z)83.5##,, , , ,,
, * ###..3Z..# , ,
, , , * #..........
* #........[## , ,,
, , #..........# ,
, , , , *
............# *, ,
* .............# *
, *#.###..........#
, ,* , . *
##.......... *


You could see a demonspawn warmonger (distracted, ally target), 3 sun demons, an
efreet (ally target), a ynoxinul (infested), 3 ufetubi, a friendly spectral
Executioner, a friendly spectral balrug, a friendly spectral demonspawn
warmonger and 3 friendly death scarabs.

Vanquished Creatures
  the Royal Jelly (Slime:5)
  A seraph (Pan)
  Lom Lobon (Pan)
  A pandemonium lord (Pan)
  Sojobo (Vaults:2)
  A golden dragon (Depths:4)
  The ghost of PanSaczeczos the Warrior, an adept DgEn (Depths:3)
  2 bone dragons
  A Hell Sentinel (Pan)
  An Ice Fiend (Pan)
  A walking crystal tome (Depths:3)
  3 tentacled monstrosities
  4 liches
  4 titans
  2 deep elf blademasters (Abyss:3)
  A quicksilver dragon (Depths:4)
  22 acid blobs
  An Executioner (Pan)
  2 tentacled starspawn (Abyss:2)
  5 shadow dragons
  A thorn hunter (Abyss:3)
  4 sphinxes
  7 tengu reavers
  2 daevas (Pan)
  A draconian knight (Depths:4)
  2 azure jellies (Slime:5)
  2 draconian monks (Depths:4)
  7 rockslimes
  8 fire giants
  3 emperor scorpions
  2 ghost moths (Spider:4)
  7 frost giants
  4 deep elf sorcerers
  3 iron dragons
  7 vault wardens
  3 balrugs (Pan)
  An orc warlord (Vaults:1)
  9 angels
  15 quicksilver oozes
  7 ophanim (Pan)
  7 very ugly things
  11 stone giants
  A demonspawn corrupter (Pan)
  A draconian annihilator (Pan)
  A broodmother (Spider:4)
  2 caustic shrike skeletons (Depths:3)
  2 vampire knights
  4 spriggan defenders
  6 ironbound preservers
  4 ironbound thunderhulks
  An apis (Pan)
  A lorocyproca (Pan)
  2 spark wasps
  3 red draconians (Depths:4)
  2 black draconians (Depths:4)
  2 dire elephants (Vaults:1)
  3 deep elf annihilators
  The ghost of nightchill the Grappler, a journeyman TrFi of Hepliaklqana (Lair:1)
  2 purple draconians (Depths:4)
  4 white draconians (Depths:4)
  2 blizzard demons
  A merfolk javelineer (Shoals:1)
  A merfolk impaler (Shoals:4)
  11 ettins
  2 entropy weavers
  A deep elf death mage (Vaults:5)
  A fire dragon (Depths:4)
  A green death (Pan)
  A deep elf high priest (Vaults:5)
  5 yaktaur captains
  Fannar (Lair:3)
  2 hydras
  4 ice dragons
  24 vault guards (Vaults:5)
  5 great orbs of eyes
  4 rakshasas
  3 ghost crabs (Depths:3)
  A spriggan air mage (Depths:3)
  2 two-headed ogres
  A centaur warrior (D:13)
  An ogre mage (Depths:3)
  2 ironbound frosthearts (Vaults:4)
  A boulder beetle (D:12)
  7 deep troll shamans
  4 death yaks (Lair:4)
  3 tengu warriors
  3 deep troll earth magi
  A satyr (Abyss:3)
  2 vampire magi
  4 orc high priests (Orc:2)
  2 spriggan berserkers
  A thrashing horror (Abyss:2)
  3 shock serpents (Pan)
  6 sun demons
  Urug (Orc:2)
  A wretched star (Abyss:3)
  2 soul eaters (Pan)
  8 hell knights
  Nergalle (D:12)
  3 iron trolls
  8 skeletal warriors
  2 pharaoh ants (Spider:2)
  2 sixfirhies (Pan)
  2 sea snakes
  4 cherubim (Pan)
  A death drake (Depths:4)
  2 flayed ghosts (Depths:3)
  4 glowing orange brains
  16 deep trolls
  A steelbarb worm (Spider:2)
  4 orb spiders
  10 ironbound convokers
  7 wizards
  2 deep elf zephyrmancers
  3 lindwurms
  7 large abominations
  A phantasmal warrior (Vaults:5)
  3 orc knights
  4 deep elf pyromancers
  2 necromancers (Depths:3)
  5 harpies
  3 orc sorcerers
  A faun (shapeshifter) (Vaults:5)
  15 ugly things
  12 wolf spiders
  5 shining eyes
  A tengu skeleton (Depths:3)
  5 worldbinders
  3 manticores (Shoals:4)
  A frost giant zombie (Depths:2)
  3 black mambas
  3 eyes of devastation
  3 merfolk sirens
  4 vault sentinels (Vaults:4)
  6 elephants
  4 smoke demons (Pan)
  2 naga magi (Depths:3)
  2 molten gargoyles (Depths:3)
  A storm dragon simulacrum (Depths:3)
  4 water nymphs
  An orange demon (Abyss:2)
  2 torpor snails
  7 cane toads
  3 demonic crawlers
  A white draconian zombie (Depths:4)
  A red draconian zombie (Depths:4)
  6 rime drakes
  An unseen horror (Abyss:2)
  A tormentor (Depths:2)
  A golden dragon simulacrum (Depths:3)
  A tengu conjurer (Depths:1)
  A komodo dragon (shapeshifter) (Vaults:5)
  7 komodo dragons
  8 yaktaurs
  An ice devil (Pan)
  3 ancient zymes (Abyss:2)
  13 human zombies (Vaults:5)
  A meliai (shapeshifter) (D:13)
  A red devil (Depths:2)
  3 trolls
  5 hellwings
  4 polar bears
  A hydra zombie (D:15)
  A meliai (Lair:2)
  5 merfolk
  11 blink frogs
  6 tarantellas
  2 hornets
  Grinder (D:6)
  12 raiju
  2 dream sheep
  A spriggan zombie (Depths:4)
  A slime creature (shapeshifter) (D:15)
  39 slime creatures
  2 snapping turtles
  A shadow (D:12)
  6 jumping spiders
  2 wraiths
  5 culicivoras
  10 spriggans
  4 water elementals
  4 ynoxinuls
  21 yaks
  A fire bat (shapeshifter) (D:13)
  A wyvern (Lair:3)
  4 slime creature zombies
  2 basilisks (Lair:1)
  Grum (D:11)
  2 neqoxecs
  A steam dragon (D:7)
  2 fire elementals (Depths:3)
  4 golden eyes (Slime:1)
  A hog (Depths:3)
  3 chaos spawn
  9 redbacks
  A deep troll zombie (Depths:4)
  4 wargs
  Edmund (D:6)
  2 acid dragons
  9 water moccasins
  A floating eye (Depths:2)
  15 orc warriors
  2 sky beasts (Depths:3)
  2 ice beasts
  3 ogres
  A merfolk zombie (Shoals:1)
  A boggart (Lair:5)
  A phantom (D:7)
  13 wolves
  A centaur (D:9)
  A kobold brigand (D:6)
  4 bullfrogs
  A gnoll sergeant (D:9)
  4 yaktaur zombies
  A scorpion (D:5)
  7 small abominations
  A warg zombie (Orc:2)
  3 killer bees
  2 howler monkeys
  An electric eel (Spider:4)
  2 lava snakes (Depths:3)
  A quasit (Abyss:2)
  2 jellies
  A gnoll bouda (D:4)
  22 orc priests
  5 hounds
  15 starcursed masses (Abyss:2)
  4 iguanas
  A sleepcap (D:4)
  17 orc wizards
  2 lightning spires (Depths:3)
  2 ogre zombies (Orc:2)
  8 adders
  11 gnolls
  A white imp (D:6)
  2 ufetubi (Abyss:2)
  A dart slug (D:3)
  44 orcs
  3 bats
  8 endoplasms
  3 giant cockroaches
  9 goblins
  6 hobgoblins
  5 quokkas
  A ball python (D:1)
  10 kobolds
  24 orc zombies (Orc:2)
  4 rats
  A starspawn tentacle (Abyss:2)
1045 creatures vanquished.

Vanquished Creatures (collateral kills)
  2 dread liches (Depths:3)
  A juggernaut (Depths:4)
  A caustic shrike (Depths:4)
  4 golden dragons
  2 Tzitzimimeh (Pan)
  2 tentacled monstrosities (Vaults:5)
  An Ice Fiend (Pan)
  A lich (Depths:3)
  4 acid blobs
  5 titans
  3 sphinxes
  A rockslime (Slime:5)
  3 storm dragons
  A tengu reaver (Vaults:5)
  3 shadow dragons
  An azure jelly (Slime:1)
  A draconian monk (Depths:4)
  A demonspawn warmonger (Pan)
  3 frost giants
  3 vault wardens
  A ghost moth (Spider:4)
  2 balrugs (Pan)
  3 emperor scorpions
  An angel (Pan)
  9 very ugly things
  An ironbound preserver (Vaults:1)
  2 quicksilver oozes
  A spriggan defender (Depths:4)
  A war gargoyle (Vaults:5)
  9 stone giants
  4 draconian annihilators
  A broodmother (Spider:4)
  An apis (Pan)
  3 demonspawn blood saints (Pan)
  A demonspawn black sun (Pan)
  2 dire elephants (Vaults:1)
  A deep elf demonologist (Vaults:5)
  2 green draconians (Depths:4)
  A vampire knight (Depths:3)
  An ironbound thunderhulk (Vaults:4)
  A black draconian (Depths:4)
  A deep elf annihilator (Vaults:5)
  3 white draconians (Depths:4)
  3 blizzard demons (Pan)
  3 red draconians (Depths:4)
  A deep elf death mage (Vaults:5)
  3 green deaths (Pan)
  An acid blob zombie (Slime:5)
  An ettin (shapeshifter) (Vaults:5)
  4 ettins
  A merfolk impaler (Shoals:1)
  A shambling mangrove (Abyss:3)
  A fire dragon (Depths:2)
  4 yaktaur captains
  A hydra (Lair:5)
  2 great orbs of eyes
  3 rakshasas (Depths:2)
  Erolcha (Orc:2)
  2 ogre magi
  4 ice dragons
  A jorogumo (Spider:1)
  A spriggan air mage (Depths:2)
  A radroach (Spider:2)
  A catoblepas (Lair:4)
  An ironbound frostheart (Vaults:1)
  2 tengu warriors
  A death yak (Lair:4)
  2 boulder beetles
  4 deep troll shamans
  A deep troll earth mage (Depths:1)
  A thrashing horror (Abyss:3)
  8 spriggan berserkers
  A shock serpent (shapeshifter) (Vaults:5)
  A fire crab (Depths:3)
  7 sun demons (Pan)
  3 hell knights (Depths:3)
  A soul eater (Pan)
  5 iron trolls
  4 cherubim (Pan)
  3 pharaoh ants
  A shadow wraith (Vaults:5)
  A skyshark (Lair:5)
  3 spriggan riders (Depths:4)
  7 deep trolls
  A sun moth (Spider:1)
  2 flayed ghosts
  3 orb spiders
  2 steelbarb worms (Spider:1)
  A wizard (Vaults:3)
  9 harpies
  2 ironbound convokers
  A necromancer (Depths:3)
  A deep elf pyromancer (Depths:3)
  6 wolf spiders
  A deep elf zephyrmancer (Vaults:5)
  A manticore (Shoals:4)
  6 ugly things
  2 worldbinders (Abyss:3)
  2 shining eyes
  2 cyclopes (Shoals:1)
  7 elephants
  3 black mambas
  6 vault sentinels
  2 moths of wrath (Spider:4)
  5 smoke demons
  A cane toad (Lair:5)
  A torpor snail (Lair:3)
  A komodo dragon (Lair:4)
  5 yaktaurs
  An ice devil (Pan)
  A freezing wraith (Vaults:5)
  2 tengu conjurers (Depths:3)
  8 merfolk
  2 polar bears (Lair:5)
  A red devil (Depths:2)
  A starcursed mass (Abyss:2)
  4 hellwings (Pan)
  A tarantella (shapeshifter) (Vaults:5)
  A tyrant leech (shapeshifter) (Vaults:5)
  5 tarantellas
  3 hornets
  11 dream sheep
  2 large abominations
  A tarantella zombie (Spider:3)
  2 snapping turtles
  3 blink frogs (Lair:5)
  21 slime creatures
  An air elemental (Depths:3)
  4 raiju
  2 water elementals
  9 jumping spiders
  2 ynoxinuls (Pan)
  11 culicivoras
  3 small abominations
  4 spriggans (Lair:5)
  4 yaks
  10 redbacks
  A golden eye (Slime:1)
  2 basilisks
  A hog (shapeshifter) (Spider:1)
  2 chaos spawn
  2 neqoxecs (Pan)
  2 water moccasins
  An entropy weaver zombie (Spider:3)
  A floating eye (Depths:3)
  2 orc warriors (Orc:2)
  3 black bears (Lair:5)
  3 boggarts (Lair:5)
  9 wolves (Lair:5)
  7 orc priests (Orc:2)
  A gnoll bouda (Lair:3)
  6 orc wizards (Orc:2)
  A white imp (Abyss:2)
  An ufetubus (Abyss:3)
  7 orcs
  A ball lightning (Depths:3)
  A block of ice (Pan)
439 creatures vanquished.

Vanquished Creatures (others)
  A frost giant (Depths:4)
  A ghost moth (Spider:4)
  4 acid blob zombies
  A very ugly thing zombie (Vaults:5)
  4 spriggan zombies
  2 titan zombies
  3 golden dragon zombies (Depths:4)
  A ghost moth zombie (Spider:4)
  A shadow demon (Pan)
  2 tengu zombies
  A lindwurm (Vaults:2)
  2 shadow dragon zombies
  A deep elf pyromancer (Depths:3)
  5 wolf spider zombies
  2 fire giant zombies
  7 stone giant zombies
  5 draconian zombies (Depths:4)
  3 frost giant zombies
  A dire elephant zombie (Vaults:1)
  A smoke demon (Pan)
  26 human zombies
  A purple draconian zombie (Depths:4)
  2 black draconian zombies (Depths:4)
  2 elf zombies
  3 white draconian zombies (Depths:4)
  3 red draconian zombies (Depths:4)
  2 orb spider zombies (Spider:4)
  A green draconian zombie (Depths:4)
  4 redback zombies
  A death drake zombie (Depths:4)
  A hydra zombie (Lair:5)
  7 culicivora zombies
  A moth of wrath zombie (Spider:4)
  4 ettin zombies
  7 jumping spider zombies
  3 ice dragon zombies
  A tarantella zombie (Spider:4)
  A great orb of eyes zombie (Vaults:5)
  A black mamba zombie (Lair:5)
  11 slime creature zombies
  A tyrant leech zombie (Vaults:5)
  An ogre zombie (Vaults:5)
  4 merfolk zombies
  5 deep troll zombies
  An entropy weaver zombie (Spider:4)
  A faun zombie (Vaults:5)
  A cane toad zombie (Lair:5)
  2 manticore zombies (Shoals:4)
  9 orc zombies
  A ghost crab zombie (Depths:3)
  A komodo dragon zombie (Vaults:5)
  7 yaktaur zombies
  4 raiju zombies (Abyss:2)
  A naga zombie (Depths:3)
  A black bear zombie (Lair:5)
  6 ball lightnings
  A block of ice (Pan)
  26 fungi
  70 plants
  3 starspawn tentacles (Abyss:2)
  A withered plant (Spider:2)
277 creatures vanquished.

Grand Total: 1761 creatures vanquished

Notes
Turn   | Place    | Note
-------+----------+-------------------------------------------
     0 | D:1      | redmage the Meteoran Earth Elementalist began the quest for
                  | the Orb.
     0 | D:1      | Reached XP level 1. HP: 14/14 MP: 5/5
    82 | D:1      | Reached XP level 2. HP: 20/20 MP: 2/6
    94 | D:1      | Reached skill level 3 in Spellcasting
   118 | D:1      | Reached XP level 3. HP: 21/26 MP: 1/8
   210 | D:2      | Learned a level 2 spell: Passwall
   214 | D:2      | Learned a level 3 spell: Stone Arrow
   280 | D:1      | Reached XP level 4. HP: 27/33 MP: 5/10
   318 | D:3      | Found a faded altar of an unknown god.
   352 | D:3      | Reached skill level 4 in Spellcasting
   361 | D:3      | Found an ornate altar of the Wu Jian Council.
   399 | D:4      | Reached skill level 5 in Earth Magic
   399 | D:4      | Reached XP level 5. HP: 38/38 MP: 9/12
   551 | D:4      | Reached skill level 5 in Spellcasting
   556 | D:4      | Reached XP level 6. HP: 42/45 MP: 5/14
   570 | D:5      | Entered Level 5 of the Dungeon
   727 | D:4      | Reached XP level 7. HP: 40/50 MP: 4/16
   729 | D:4      | Reached skill level 6 in Spellcasting
   870 | D:5      | Found a staircase to the Ecumenical Temple.
   879 | Temple   | Entered the Ecumenical Temple
   898 | Temple   | Became a worshipper of Sif Muna the Loreminder
   996 | D:6      | Noticed a water moccasin
  1000 | D:6      | Killed a water moccasin
  1001 | D:6      | Reached skill level 5 in Conjurations
  1001 | D:6      | Reached XP level 8. HP: 56/57 MP: 7/18
  1080 | D:6      | Noticed Grinder
  1084 | D:6      | Reached skill level 1 in Invocations
  1084 | D:6      | Paralysed by Grinder for 5 turns
  1112 | D:5      | Found a hide-covered altar of Uskayaw.
  1272 | D:6      | Paralysed by Grinder for 2 turns
  1282 | D:6      | Killed Grinder
  1283 | D:6      | Reached skill level 7 in Spellcasting
  1283 | D:6      | Gained mutation: You passively map the area around you.
                  | [Meteoran growth]
  1283 | D:6      | Reached XP level 9. HP: 62/62 MP: 10/20
  1295 | D:6      | Noticed Edmund
  1304 | D:6      | Killed Edmund
  1354 | D:7      | Reached * piety under Sif Muna
  1365 | D:7      | Found Ynym's Distillery.
  1370 | D:7      | Reached skill level 5 in Invocations
  1376 | D:7      | Bought a potion of curing for 45 gold pieces
  1376 | D:7      | Bought a potion of might for 60 gold pieces
  1376 | D:7      | Bought a potion of might for 60 gold pieces
  1376 | D:7      | Bought a potion of berserk rage for 75 gold pieces
  1433 | D:8      | Found a runed translucent door.
  1433 | D:8      | Found a shimmering altar of Xom.
  1433 | D:8      | Noticed diceflayer's ghost (novice DsFi)
  1433 | D:8      | Noticed a +2 short sword of chaos
  1486 | D:9      | Found a staircase to the Lair.
  1526 | D:10     | Entered Level 10 of the Dungeon
  1608 | D:10     | Reached skill level 8 in Spellcasting
  1625 | D:10     | Reached XP level 10. HP: 46/69 MP: 12/23
  1696 | D:10     | Reached ** piety under Sif Muna
  1705 | D:10     | Found a staircase to the Orcish Mines.
  1725 | Orc:1    | Entered Level 1 of the Orcish Mines
  1734 | Orc:1    | Reached skill level 5 in Transmutations
  1736 | Orc:1    | Reached skill level 9 in Spellcasting
  1798 | Orc:1    | Found a bloodstained altar of Trog.
  1830 | Orc:2    | Entered Level 2 of the Orcish Mines
  1833 | Orc:2    | Noticed an orc sorcerer
  1833 | Orc:2    | Noticed Erolcha
  1867 | Orc:1    | Noticed an orc sorcerer
  1874 | Orc:1    | Killed an orc sorcerer
  1875 | Orc:1    | Reached skill level 10 in Invocations
  1940 | Orc:2    | Noticed an orc knight
  1944 | Orc:1    | Reached *** piety under Sif Muna
  1945 | Orc:1    | Reached XP level 11. HP: 74/74 MP: 22/25
  2002 | D:10     | Reached skill level 10 in Earth Magic
  2007 | D:10     | Reached skill level 10 in Spellcasting
  2061 | Lair:1   | Entered Level 1 of the Lair of Beasts
  2090 | Lair:1   | Learned a level 6 spell: Death Channel
  2099 | Lair:1   | Reached skill level 1 in Necromancy
  2109 | Lair:2   | Reached skill level 11 in Spellcasting
  2160 | Lair:1   | Noticed nightchill's ghost (journeyman TrFi)
  2163 | Lair:1   | Found a runed translucent door.
  2175 | Lair:1   | Reached skill level 5 in Necromancy
  2196 | Lair:1   | Noticed an elephant
  2196 | Lair:1   | Noticed an elephant
  2196 | Lair:1   | Noticed an elephant
  2196 | Lair:1   | Noticed an elephant
  2216 | Lair:2   | Found a hole to the Spider Nest.
  2292 | Lair:1   | Reached XP level 12. HP: 44/81 MP: 20/28
  2315 | Lair:1   | Reached skill level 12 in Spellcasting
  2335 | Lair:1   | Found the +4 robe of Augmentation {Str+4 Int+4 Dex+4}
  2503 | Lair:2   | Reached **** piety under Sif Muna
  2524 | Lair:2   | You fall into a shaft and drop 1 floor!
  2545 | Lair:3   | Noticed an eight-headed hydra
  2561 | Lair:3   | Killed an eight-headed hydra
  2576 | Lair:3   | Reached skill level 10 in Necromancy
  2588 | Lair:3   | Reached XP level 13. HP: 70/86 MP: 6/30
  2687 | Lair:4   | Reached skill level 1 in Fighting
  2755 | Lair:4   | Found a runed translucent door.
  2755 | Lair:4   | Found a viscous altar of Jiyva.
  2755 | Lair:4   | Found a staircase to the Slime Pits.
  2797 | Lair:4   | Learned a level 5 spell: Borgnjor's Vile Clutch
  2802 | Lair:4   | Learned a level 4 spell: Animate Dead
  2844 | Lair:4   | Noticed a death yak
  2845 | Lair:4   | Noticed a death yak
  2847 | Lair:4   | Noticed a death yak
  2848 | Lair:4   | Noticed a death yak
  2853 | Lair:4   | Killed a death yak
  2854 | Lair:4   | Noticed a death yak
  2857 | Lair:4   | Killed a death yak
  2857 | Lair:4   | Noticed a catoblepas
  2862 | Lair:4   | Reached skill level 5 in Dodging
  2864 | Lair:4   | Killed a catoblepas
  2865 | Lair:4   | Reached skill level 13 in Spellcasting
  2867 | Lair:4   | Killed a death yak
  2868 | Lair:4   | Killed a death yak
  2870 | Lair:4   | Killed a death yak
  2900 | Lair:4   | Reached skill level 5 in Fighting
  2957 | Lair:4   | Learned a level 6 spell: Eringya's Noxious Bog
  2958 | Lair:5   | Entered Level 5 of the Lair of Beasts
  2988 | Lair:5   | Reached skill level 1 in Poison Magic
  3065 | Lair:5   | Noticed a boulder beetle
  3070 | Lair:5   | Reached XP level 14. HP: 107/107 MP: 30/32
  3076 | Lair:5   | Reached ***** piety under Sif Muna
  3247 | Lair:5   | Reached skill level 5 in Poison Magic
  3490 | Lair:3   | Noticed Fannar
  3513 | Lair:3   | Killed Fannar
  3514 | Lair:3   | Reached skill level 10 in Transmutations
  3569 | Lair:3   | Received a gift from Sif Muna
  3769 | Lair:3   | Found the +8 whip "Snakebite" {venom, curare, rPois}
  3832 | Lair:3   | Found a staircase to the Shoals.
  3841 | Shoals:1 | Entered Level 1 of the Shoals
  3842 | Shoals:1 | Noticed a merfolk javelineer
  3849 | Shoals:1 | Killed a merfolk javelineer
  3948 | Shoals:1 | Reached XP level 15. HP: 113/113 MP: 33/33
  4048 | Shoals:1 | Reached skill level 10 in Poison Magic
  4162 | Shoals:4 | Entered Level 4 of the Shoals
  4217 | Shoals:4 | Noticed a sphinx
  4217 | Shoals:4 | Noticed a sphinx
  4224 | Shoals:4 | Killed a sphinx
  4225 | Shoals:4 | Killed a sphinx
  4240 | Shoals:4 | Got a barnacled rune of Zot
  4410 | Spider:1 | Entered Level 1 of the Spider Nest
  4410 | Spider:1 | Noticed an emperor scorpion
  4421 | Spider:1 | Killed an emperor scorpion
  4437 | Spider:1 | Learned a level 6 spell: Plasma Beam
  4438 | Spider:1 | Reached skill level 1 in Fire Magic
  4438 | Spider:1 | Reached skill level 1 in Air Magic
  4446 | Spider:1 | Received a gift from Sif Muna
  4487 | Spider:2 | Reached XP level 16. HP: 121/121 MP: 27/34
  4530 | Spider:2 | Learned a level 3 spell: Frozen Ramparts
  4534 | Spider:2 | Learned a level 3 spell: Ozocubu's Armour
  4534 | Spider:2 | Found a runed translucent gate.
  4535 | Spider:2 | Found a runed translucent gate.
  4535 | Spider:2 | Found a runed translucent gate.
  4536 | Spider:2 | Noticed LLlMATKO's ghost (adept MiBe)
  4537 | Spider:2 | Noticed carontestyx's ghost (adept OgBe)
  4557 | Spider:2 | Identified a scroll of acquirement
  4558 | Spider:2 | Acquired a ring of see invisible
  4570 | Spider:2 | Noticed an emperor scorpion
  4586 | Spider:2 | Reached skill level 5 in Fire Magic
  4586 | Spider:2 | Reached skill level 5 in Air Magic
  4586 | Spider:2 | Killed an emperor scorpion
  4599 | Spider:3 | Identified the ring of Ejoan {Ice rPois Will+++ Int-4
                  | Stlth+}
  4631 | Spider:4 | Entered Level 4 of the Spider Nest
  4646 | Spider:4 | Reached skill level 1 in Ice Magic
  4691 | Spider:4 | Reached ****** piety under Sif Muna
  4843 | Spider:4 | Noticed an emperor scorpion
  4844 | Spider:4 | Received a gift from Sif Muna
  4848 | Spider:4 | Noticed a ghost moth
  4851 | Spider:4 | Killed an emperor scorpion
  4852 | Spider:4 | Noticed an emperor scorpion
  4868 | Spider:4 | Acquired a book of Annihilations
  4964 | Spider:4 | Killed an emperor scorpion
  5012 | Spider:4 | Noticed a ghost moth
  5014 | Spider:4 | Noticed a ghost moth
  5017 | Spider:4 | Killed a ghost moth
  5029 | Spider:4 | Killed a ghost moth
  5030 | Spider:4 | Killed a ghost moth
  5031 | Spider:4 | Reached XP level 17. HP: 126/126 MP: 0/35
  5179 | Spider:4 | Got a gossamer rune of Zot
  5407 | Lair:2   | Acquired the staff of earth "Oloika" {rPois rF+ MP+9}
  5465 | Lair:4   | Learned a level 3 spell: Stone Arrow
  5472 | Slime:1  | Entered Level 1 of the Pits of Slime
  5479 | Slime:1  | Noticed an acid blob
  5485 | Slime:1  | Noticed an acid blob
  5486 | Slime:1  | Killed an acid blob
  5487 | Slime:1  | Reached skill level 10 in Fire Magic
  5487 | Slime:1  | Reached skill level 10 in Air Magic
  5487 | Slime:1  | Received a gift from Sif Muna
  5487 | Slime:1  | Noticed an acid blob
  5488 | Slime:1  | Got Lepigaud's Teachings on Viperous Guile {god gift}
  5491 | Slime:1  | Killed an acid blob
  5493 | Slime:1  | Noticed an acid blob
  5495 | Slime:1  | Killed an acid blob
  5498 | Slime:1  | Noticed a rockslime
  5499 | Slime:1  | Killed an acid blob
  5503 | Slime:1  | Killed a rockslime
  5508 | Slime:1  | Noticed an azure jelly
  5513 | Slime:1  | Killed an azure jelly
  5523 | Slime:2  | Noticed an acid blob
  5530 | Slime:2  | Killed an acid blob
  5538 | Slime:2  | Noticed an acid blob
  5542 | Slime:2  | Gained mutation: You occasionally shout uncontrollably at
                  | your foes. [a shining eye]
  5543 | Slime:2  | Gained mutation: Armour fits poorly on your strangely
                  | shaped body. [a shining eye]
  5545 | Slime:2  | Killed an acid blob
  5564 | Slime:3  | Noticed a rockslime
  5564 | Slime:3  | Noticed a rockslime
  5564 | Slime:3  | Noticed a rockslime
  5659 | Slime:4  | Noticed an acid blob
  5677 | Slime:3  | Killed an acid blob
  5820 | Slime:5  | Entered Level 5 of the Pits of Slime
  5820 | Slime:5  | Noticed an acid blob
  5823 | Slime:5  | Noticed an acid blob
  5825 | Slime:5  | Killed an acid blob
  5825 | Slime:5  | Noticed an acid blob
  5827 | Slime:5  | Noticed an acid blob
  5828 | Slime:5  | Killed an acid blob
  5831 | Slime:5  | Killed an acid blob
  5832 | Slime:5  | Gained mutation: You passively map a large area around you.
                  | [Meteoran growth]
  5832 | Slime:5  | Reached XP level 18. HP: 83/133 MP: 7/36
  5833 | Slime:5  | Killed an acid blob
  5835 | Slime:5  | Noticed the Royal Jelly
  5838 | Slime:5  | Noticed an acid blob
  5840 | Slime:5  | Noticed an acid blob
  5840 | Slime:5  | Killed an acid blob
  5841 | Slime:5  | Noticed an acid blob
  5841 | Slime:5  | Noticed an acid blob
  5856 | Slime:5  | Noticed an acid blob
  5858 | Slime:5  | Killed an acid blob
  5860 | Slime:5  | Noticed an acid blob
  5861 | Slime:5  | Killed an acid blob
  5861 | Slime:5  | Noticed an acid blob
  5864 | Slime:5  | Noticed an acid blob
  5865 | Slime:5  | Noticed an acid blob
  5866 | Slime:5  | Killed an acid blob
  5872 | Slime:5  | Noticed an acid blob
  5872 | Slime:5  | Killed an acid blob
  5872 | Slime:5  | Killed an acid blob
  5875 | Slime:5  | Noticed an acid blob
  5875 | Slime:5  | Killed an acid blob
  5875 | Slime:5  | Killed an acid blob
  5875 | Slime:5  | Received a gift from Sif Muna
  5877 | Slime:5  | Noticed an acid blob
  5878 | Slime:5  | Killed an acid blob
  5883 | Slime:5  | Noticed an acid blob
  5883 | Slime:5  | Noticed an acid blob
  5883 | Slime:5  | Gained mutation: You have hidden genetic defects. [a
                  | shining eye]
  5891 | Slime:5  | Gained mutation: You frequently scream uncontrollably at
                  | your foes. [a shining eye]
  5891 | Slime:5  | Killed the Royal Jelly
  5922 | Slime:5  | Killed an acid blob
  5922 | Slime:5  | Killed an acid blob
  5927 | Slime:5  | Noticed an acid blob
  5929 | Slime:5  | Noticed an acid blob
  5930 | Slime:5  | Killed an acid blob
  5936 | Slime:5  | Killed an acid blob
  5937 | Slime:5  | Killed an acid blob
  5937 | Slime:5  | Killed an acid blob
  5937 | Slime:5  | Gained mutation: Your spells are a little easier to cast,
                  | but a little less powerful. [hidden defects]
  5968 | Slime:5  | Lost mutation: You have hidden genetic defects. [potion of
                  | mutation]
  5968 | Slime:5  | Lost mutation: Armour fits poorly on your strangely shaped
                  | body. [potion of mutation]
  5968 | Slime:5  | Gained mutation: You are somewhat resistant to further
                  | mutation. [potion of mutation]
  5968 | Slime:5  | Gained mutation: Your muscles are strong. (Str +4, Int/Dex
                  | -1) [potion of mutation]
  6030 | Slime:5  | Identified the +2 cloak of the Carpenter {rPois Int-3 Dex-3
                  | Slay+4}
  6033 | Slime:5  | Got a slimy rune of Zot
  6034 | Slime:5  | Identified the +5 war axe of the Toadstool {flame, rElec
                  | Will- Str+2 Dex+3}
  6053 | Slime:5  | Learned a level 6 spell: Iron Shot
  6087 | Slime:5  | Identified the ring "Fuhu" {rC+ EV+5 Int+2 Dex+2 Slay+2}
  6322 | Lair:1   | Killed nightchill's ghost
  6438 | Orc:2    | Killed Erolcha
  6445 | Orc:2    | Noticed Urug
  6476 | Orc:2    | Received a gift from Sif Muna
  6477 | Orc:2    | Got Sif Muna's Meditations on Geological Spectres {god
                  | gift}
  6484 | Orc:2    | Your ally Erolcha died
  6486 | Orc:2    | Killed Urug
  6542 | Orc:2    | Found a staircase to the Elven Halls.
  6606 | Orc:2    | Found Vuz Guus's Armour Boutique.
  6606 | Orc:2    | Found Soaliyrch's Magic Scroll Boutique.
  6606 | Orc:2    | Found Cecwost's Assorted Antiques.
  6611 | Orc:2    | Found Enulog's Distillery.
  6614 | Orc:2    | Bought a +1 helmet of intelligence for 231 gold pieces
  6619 | Orc:2    | Bought a scroll of teleportation for 108 gold pieces
  6619 | Orc:2    | Bought a scroll labelled SIMUAMOEFE for 36 gold pieces
  6635 | Orc:2    | Bought a potion of haste for 140 gold pieces
  6635 | Orc:2    | Bought a potion of heal wounds for 70 gold pieces
  6635 | Orc:2    | Bought a potion of haste for 140 gold pieces
  6635 | Orc:2    | Bought a potion of magic for 112 gold pieces
  6635 | Orc:2    | Bought a potion of curing for 42 gold pieces
  6635 | Orc:2    | Bought 2 potions of mutation for 224 gold pieces
  6637 | Orc:2    | Bought a scroll of immolation for 48 gold pieces
  6637 | Orc:2    | Bought a scroll of fog for 48 gold pieces
  6637 | Orc:2    | Bought a scroll of amnesia for 48 gold pieces
  6637 | Orc:2    | Bought a scroll of enchant weapon for 90 gold pieces
  6637 | Orc:2    | Bought a scroll of immolation for 48 gold pieces
  6637 | Orc:2    | Bought a scroll of amnesia for 48 gold pieces
  6774 | D:11     | Noticed Grum
  6778 | D:11     | Killed Grum
  6824 | D:12     | Noticed Nergalle
  6829 | D:12     | Killed Nergalle
  6862 | D:12     | Reached skill level 1 in Armour
  6865 | D:12     | Reached XP level 19. HP: 140/140 MP: 20/37
  7046 | D:13     | Found a gate to the Vaults.
  7059 | D:13     | Learned a level 3 spell: Ignite Poison
  7060 | Vaults:1 | Entered Level 1 of the Vaults
  7139 | Vaults:1 | Reached skill level 10 in Conjurations
  7190 | Vaults:2 | Noticed Sojobo
  7201 | Vaults:2 | Reached skill level 5 in Armour
  7203 | Vaults:2 | Killed Sojobo
  7222 | Vaults:2 | Found Meeguan's Weapon Boutique.
  7272 | Vaults:2 | Found Heicook's Book Shop.
  7282 | Vaults:2 | Bought a book of Cantrips for 204 gold pieces
  7285 | Vaults:2 | Learned a level 1 spell: Apportation
  7325 | Vaults:3 | Found Tischofeo's Assorted Antiques.
  7331 | Vaults:3 | Bought a blue potion for 40 gold pieces
  7343 | Vaults:3 | Received a gift from Sif Muna
  7345 | Vaults:3 | Reached skill level 14 in Spellcasting
  7345 | Vaults:3 | Got Vitup's Codex of Scorching Vicissitude {god gift}
  7450 | Vaults:4 | Reached skill level 15 in Spellcasting
  7520 | Vaults:4 | Learned a level 6 spell: Statue Form
  7526 | Vaults:5 | Entered Level 5 of the Vaults
  7526 | Vaults:5 | Noticed a tentacled monstrosity
  7528 | Vaults:5 | Noticed a titan
  7530 | Vaults:5 | Reached skill level 16 in Spellcasting
  7530 | Vaults:5 | Reached XP level 20. HP: 155/155 MP: 37/41
  7532 | Vaults:5 | Reached skill level 17 in Spellcasting
  7535 | Vaults:5 | Reached skill level 15 in Earth Magic
  7538 | Vaults:5 | Killed a tentacled monstrosity
  7555 | Vaults:5 | Received a gift from Sif Muna
  7556 | Vaults:5 | Got Sif Muna's Papyrus of Injury and Feathers {god gift}
  7558 | Vaults:5 | Reached skill level 18 in Spellcasting
  7563 | Vaults:5 | Noticed a tentacled monstrosity
  7574 | Vaults:5 | Killed a tentacled monstrosity
  7578 | Vaults:5 | Reached XP level 21. HP: 140/161 MP: 11/44
  7601 | Vaults:5 | Reached skill level 19 in Spellcasting
  7647 | Vaults:5 | Noticed a tentacled monstrosity
  7647 | Vaults:5 | Noticed a tentacled monstrosity
  7653 | Vaults:5 | Killed a tentacled monstrosity
  7660 | Vaults:5 | Killed a tentacled monstrosity
  7780 | Vaults:5 | Identified the +0 ring mail of Xogi {Harm rF+}
  7783 | Vaults:5 | Identified the amulet "Egus" {Acrobat Str+3 Dex+5}
  7793 | Vaults:5 | Reached skill level 1 in Translocations
  7836 | Vaults:5 | Identified the ring "Ditosch" {rF+ rN+ Str+3}
  7851 | Vaults:5 | Identified the +0 chain mail "Fofergh" {rC+ rN+}
  7854 | Vaults:5 | Got Zinor's Folio of Rank Air
  7945 | Vaults:5 | Got a silver rune of Zot
  7970 | Vaults:5 | Noticed Mennas
  8057 | Vaults:5 | Identified the +5 flail of Insufficient Pleasure {venom,
                  | Dex+4 Stlth+} (You found it on level 5 of the Vaults)
  8078 | Vaults:5 | Noticed an ancient lich
  8200 | Vaults:2 | Found Ennoshym's Distillery.
  8217 | Vaults:2 | Bought a potion of mutation for 144 gold pieces
  8217 | Vaults:2 | Bought a potion of might for 72 gold pieces
  8217 | Vaults:2 | Bought a potion of heal wounds for 90 gold pieces
  8239 | Vaults:2 | Found Vausitt's Distillery.
  8285 | Vaults:2 | Found Cuffa's Magic Scroll Emporium.
  8292 | Vaults:2 | Bought a scroll of teleportation for 51 gold pieces
  8292 | Vaults:2 | Bought a scroll of immolation for 68 gold pieces
  8292 | Vaults:2 | Bought a scroll of blinking for 127 gold pieces
  8292 | Vaults:2 | Bought a scroll of teleportation for 51 gold pieces
  8292 | Vaults:2 | Bought a scroll of fog for 68 gold pieces
  8292 | Vaults:2 | Bought 2 scrolls of enchant armour for 255 gold pieces
  8340 | Vaults:2 | Bought 2 potions of flight for 114 gold pieces
  8340 | Vaults:2 | Bought a potion of ambrosia for 152 gold pieces
  8340 | Vaults:2 | Bought 2 potions of ambrosia for 304 gold pieces
  8340 | Vaults:2 | Bought a potion of curing for 57 gold pieces
  8340 | Vaults:2 | Bought a potion of mutation for 152 gold pieces
  8340 | Vaults:2 | Bought a potion of curing for 57 gold pieces
  8340 | Vaults:2 | Bought a potion of brilliance for 76 gold pieces
  8340 | Vaults:2 | Bought a potion of curing for 57 gold pieces
  8340 | Vaults:2 | Bought a potion of curing for 57 gold pieces
  8340 | Vaults:2 | Bought 2 potions of curing for 114 gold pieces
  8346 | Vaults:2 | Learned a level 5 spell: Freezing Cloud
  8488 | D:15     | Entered Level 15 of the Dungeon
  8497 | Abyss:2  | Cast into level 2 of the Abyss (a wizard)
  8498 | Abyss:2  | Found a corrupted altar of Lugonu.
  8532 | Abyss:2  | Noticed a bone dragon
  8548 | Abyss:2  | Killed a bone dragon
  8606 | Abyss:2  | Found a basalt altar of Yredelemnul.
  8611 | Abyss:2  | Found a corrupted altar of Lugonu.
  8632 | Abyss:2  | Paralysed by accursed screaming for 1 turns
  8675 | Abyss:2  | Received a gift from Sif Muna
  8719 | Abyss:2  | Reached skill level 1 in Long Blades
  8743 | Abyss:2  | Reached XP level 22. HP: 168/168 MP: 39/46
  8746 | Abyss:2  | Reached skill level 20 in Spellcasting
  8758 | D:15     | Escaped the Abyss
  8778 | D:15     | Learned a level 8 spell: Maxwell's Capacitive Coupling
  8862 | D:15     | Found a staircase to the Depths.
  8870 | Depths:1 | Entered Level 1 of the Depths
  8897 | Depths:2 | Reached skill level 5 in Long Blades
  8989 | Depths:2 | Received a gift from Sif Muna
  9011 | Depths:2 | Reached skill level 15 in Air Magic
  9156 | Depths:2 | Found a flickering gateway to a bazaar.
  9185 | Bazaar   | Entered a bazaar
  9186 | Bazaar   | Found Peubockonar's Book Emporium.
  9186 | Bazaar   | Found Sotzurph's Book Emporium.
  9187 | Bazaar   | Found Wycsiw's Jewellery Boutique.
  9189 | Bazaar   | Found Gese's Weapon Shop.
  9253 | Depths:3 | Paralysed by a floating eye for 4 turns
  9280 | Depths:3 | Found a one-way gate to the infinite horrors of the Abyss.
  9331 | Depths:3 | Noticed a golden dragon
  9334 | Depths:3 | Reached XP level 23. HP: 171/174 MP: 30/48
  9339 | Depths:3 | Killed a golden dragon
  9342 | Depths:3 | Received a gift from Sif Muna
  9344 | Depths:3 | Got Sif Muna's Disquisition on the Macabre Jaunt {god gift}
  9378 | Depths:3 | Noticed a bone dragon
  9392 | Depths:3 | Killed a bone dragon
  9527 | Depths:3 | Got the Omnibus of the Pyromaniac
  9564 | Depths:3 | Learned a level 2 spell: Blink
  9598 | Depths:3 | You fall into a shaft and drop 1 floor!
  9598 | Depths:4 | Entered Level 4 of the Depths
  9636 | Depths:4 | Reached skill level 15 in Necromancy
  9660 | Depths:4 | Noticed a golden dragon
  9670 | Depths:4 | Killed a golden dragon
  9684 | Depths:4 | Noticed a golden dragon
  9689 | Depths:4 | Killed a golden dragon
  9703 | Depths:4 | Received a gift from Sif Muna
  9705 | Depths:4 | Noticed a golden dragon
  9711 | Depths:4 | Killed a golden dragon
  9717 | Depths:4 | Found a gate to the Realm of Zot.
  9761 | Depths:4 | Noticed a juggernaut
  9769 | Depths:4 | Noticed a caustic shrike
  9771 | Depths:4 | Killed a juggernaut
  9774 | Depths:4 | Reached XP level 24. HP: 138/181 MP: 44/48
  9779 | Depths:4 | Killed a caustic shrike
  9841 | Depths:4 | Learned a level 8 spell: Infestation
  9854 | Depths:4 | Found a gateway to Hell.
  9924 | Depths:3 | Reached skill level 21 in Spellcasting
  9947 | Depths:3 | Found a runed translucent gate.
  9947 | Depths:3 | Found a runed translucent gate.
  9947 | Depths:3 | Found an ancient bone altar of Kikubaaqudgha.
  9947 | Depths:3 | Found a runed translucent gate.
  9947 | Depths:3 | Noticed a dread lich
  9947 | Depths:3 | Noticed PanSaczeczos's ghost (adept DgEn)
  9947 | Depths:3 | Noticed a dread lich
  9958 | Depths:3 | Killed a dread lich
  9961 | Depths:3 | Killed a dread lich
  9961 | Depths:3 | Received a gift from Sif Muna
  9963 | Depths:3 | Identified the ring of Pifeativoe {+Blink Will+ MP+9 Dex-3}
  9968 | Depths:3 | Killed PanSaczeczos's ghost
  9970 | Depths:3 | Identified the +1 pair of gloves of Hita {Rampage rF- Str+5
                  | Dex+4}
  9971 | Depths:3 | Identified the -1 pair of gloves "Fugamuri" {rF+ rC+ Dex+3}
  9972 | Depths:3 | Got Kikubaaqudgha's Disquisition on the Damned
  9972 | Depths:3 | Got Sif Muna's Omnibus of Skeletons {god gift}
  9999 | Depths:3 | Acquired a +0 pair of boots of stealth
 10121 | Depths:3 | Noticed a golden dragon
 10126 | Depths:3 | Killed a golden dragon
 10166 | Depths:3 | Paralysed by an air elemental for 1 turns
 10349 | Depths:1 | Found Sogiwn's Magic Scroll Emporium.
 10349 | Depths:1 | Found Pelikuu's Armour Shoppe.
 10363 | Depths:1 | Bought a scroll of teleportation for 72 gold pieces
 10369 | Depths:1 | Bought the +3 warlock's mirror {omnireflect} for 680 gold
                  | pieces
 10369 | Depths:1 | Found the +3 warlock's mirror {omnireflect}
 10778 | Depths:1 | Reached XP level 25. HP: 188/188 MP: 19/49
 10781 | Depths:1 | Reached skill level 22 in Spellcasting
 10793 | Depths:1 | Found a bloodstained altar of Trog.
 10898 | Depths:2 | Found a one-way gate leading to the halls of Pandemonium.
 10915 | Pan      | Entered Pandemonium
 10919 | Pan      | Received a gift from Sif Muna
 10920 | Pan      | Got Sif Muna's Lessons on Fetid Translocation {god gift}
 11033 | Pan      | Noticed a seraph
 11040 | Pan      | Killed a seraph
 11053 | Pan      | Found a glowing golden altar of the Shining One.
 11065 | Pan      | Identified the amulet "Estueg" {rN+ Regen+ SInv}
 11068 | Pan      | Identified the +0 leather armour of the Vaults {+Inv Will-
                  | Str+3}
 11069 | Pan      | Identified the +0 robe "Keijeug" {rPois rC+ Dex-2}
 11070 | Pan      | Got a demonic rune of Zot
 11127 | Pan      | Reached skill level 1 in Evocations
 11300 | Pan      | Found an exit through the horrors of the Abyss.
 11308 | Pan      | Took an exit into the Abyss.
 11308 | Abyss:2  | Escaped into the Abyss
 11337 | Abyss:3  | Found a corrupted altar of Lugonu.
 11356 | Abyss:3  | Found a corrupted altar of Lugonu.
 11394 | Abyss:3  | Got an abyssal rune of Zot
 11410 | Abyss:3  | Reached skill level 10 in Long Blades
 11417 | Depths:2 | Escaped the Abyss
 11419 | Pan      | Entered Pandemonium
 11478 | Pan      | Entered the realm of Lom Lobon.
 11478 | Pan      | Noticed Lom Lobon
 11590 | Pan      | Received a gift from Sif Muna
 11591 | Pan      | Got Sif Muna's Tome of the Vehement Welkin {god gift}
 11728 | Pan      | Killed Lom Lobon
 11751 | Pan      | Got a magical rune of Zot
 11807 | Pan      | Reached XP level 26. HP: 194/194 MP: 48/50
 11861 | Pan      | Noticed Utudghith the pandemonium lord
 11869 | Pan      | Killed Utudghith the pandemonium lord
 11886 | Depths:2 | Escaped Pandemonium
 11888 | Pan      | Entered Pandemonium
 12062 | Pan      | Received a gift from Sif Muna
 12124 | Pan      | Entered the realm of Cerebov.
 12144 | Pan      | HP: 11/252 [efreet/fireball (18)]
 12144 | Pan      | Mangled by a sun demon

Illustrated notes

Levels and vault maps discovered:
D:1:      dpeg_arrival_lava_altar, layout_rooms, serial_rivers,
          chequers_serial_rivers_large_b, chequers_serial_rivers_small_b,
          chequers_serial_rivers_marsh, chequers_serial_rivers_micro_d,
          chequers_serial_rivers_room_b
D:2:      layout_basic
D:3:      layout_loops_cross, mainiacjoe_overflow_six_doors_small,
          nicolae_wu_jian_immortal_techniques,
          shapermc_ecumenical_altar_notcrosses, dreamdust_princess_bridge
D:4:      minmay_clustersquares, layout_layer_cave
D:5:      minmay_opposing_rooms, layout_basic,
          mainiacjoe_overflow_catch_the_wave, mainiacjoe_overflow_big_doors,
          minmay_temple_entry_glass, grunt_ministairs_5
D:6:      layout_basic, uniq_edmund, uniq_grinder
D:7:      layout_basic, serial_shops, shop
D:8:      layout_loops_ring, ebering_ghost_xom, eino_jars
D:9:      layout_basic, lair_entry_dummy
D:10:     layout_stronghold, nicolae_elyvilon_peaceful_grove, erik_orc_4,
          minmay_misc_feat_diagonals, uniq_psyche
D:11:     layout_roguey, uniq_grum
D:12:     layout_small_grid, serial_demonic, serial_demonic_e, serial_demonic_c,
          serial_demonic_f, serial_demonic_a, serial_demonic_g,
          serial_demonic_f, uniq_nergalle
D:13:     layout_basic, david_vaults_4
D:14:     layout_basic, serial_shops, nicolae_shop_rolled_up
D:15:     gammafunk_enter_depths_forms, layout_cave_pods,
          minmay_misc_feat_nine_boxes, nemelex_xobeh_ov_fountains_minmay
Temple:   regret_index_temple_waves
Lair:1:   layout_cave_shapes, hellmonk_ghost_happy_afterlife
Lair:2:   layout_misc_corridors, hellmonk_spider_entry_not_the_bees,
          special_room, serial_bayou_pond_b, serial_bayou_shore_b,
          lemuel_fruit_fields, grunt_megastairs_1, lemuel_fruit_tree
Lair:3:   minmay_guarded_unrand_snakebite, layout_regular_city,
          nicolae_shoals_entry_roost, dreamdust_gnoll_shepherd,
          lemuel_fruit_fields, lemuel_fruit_fields, uniq_fannar
Lair:4:   layout_long_grid, slime_entry_2
Lair:5:   minmay_lair_end_enchanted_forest, layout_small_grid
Shoals:1: layout_shoals, ebering_ghost_reflecting_pool
Shoals:2: layout_shoals, nicolae_shoals_undead_eyrie
Shoals:3: layout_shoals
Shoals:4: shoals_end_hellmonk_lost_city
Spider:1: nicolae_spider_mines_1, hellmonk_deceptive_appearances, uniq_rupert
Spider:2: spiders_nest_a, gammafunk_ghost_cemetery, nicolae_spider_paper_wasps
Spider:3: layout_spider_delve, hangedman_spider_tarantella_strand
Spider:4: guppyfry_spider_rune
Slime:1:  layout_caves
Slime:2:  layout_caves
Slime:3:  layout_caves, nicolae_slime_rock_hall_of_fame
Slime:4:  cheibrodos_slime_lost_civilization_2, layout_caves
Slime:5
Orc:1:    layout_caves, basic_altar
Orc:2:    st_orc_mages, layout_caves, basic_altar, uniq_erolcha, uniq_urug
Vaults:1: gammafunk_ghost_tricky_traps, hangedman_vaults_river_flow, v_misc_18,
          vaults_mumra_chevron, vaults_room_corners,
          nicolae_vaults_closet_pinwheel_6, vaults_dpeg_cross, vaults_room_pool,
          nicolae_vaults_network_star, v_pattern_5, grunt_vaults_hallway_long,
          ontoclasm_vaults_claustrophobia, nicolae_vaults_tangram_2,
          nicolae_vaults_gold_heap, layout_vaults_omnibox
Vaults:2: nicolae_vaults_door_testing_chamber, nicolae_vaults_little_squares_6,
          nicolae_vaults_offset_grid_hallway_3, nicolae_vaults_double_plus_2,
          nicolae_vaults_trapezoid_1, vaults_mumra_minichess,
          nicolae_vaults_closet_pinwheel_4, nicolae_vaults_heist,
          nicolae_vaults_tetromino_Z_2, layout_vaults_quadrants,
          minmay_crypt_entry_simple_box, serial_shops, shop,
          nicolae_shop_tiny_waterfront, shop, nicolae_shop_tiny_statue_garden,
          shop, uniq_sojobo
Vaults:3: ploomutoo_gammafunk_ghost_potion_laboratory, nicolae_vaults_house_3,
          hangedman_vaults_stagger, hangedman_vaults_slither, v_alt_pattern_1,
          v_misc_4, nicolae_vaults_network_quincunx
          [nicolae_vaults_network_quincunx_subvault,
          nicolae_vaults_network_quincunx_subvault,
          nicolae_vaults_network_quincunx_subvault,
          nicolae_vaults_network_quincunx_subvault,
          nicolae_vaults_network_quincunx_subvault],
          nicolae_vaults_closet_pinwheel_1, vaults_standard_mumra_lines,
          v_alt_pattern_3, nicolae_vaults_oval_intersection,
          nicolae_vaults_two_Ls, layout_vaults_omnicross, serial_shops,
          nicolae_diamond_shop, uniq_margery
Vaults:4: vaults_room_pool, nicolae_vaults_border_crossing,
          nicolae_vaults_specimen_jars, v_pattern_3, ontoclasm_vaults_ligature,
          ontoclasm_vaults_loading_screen, v_misc_30, v_alt_pattern_3,
          grunt_vaults_funnel, v_alt_pattern_4, v_misc_10,
          hangedman_vaults_snaps, nicolae_vaults_trapezoid_lopsided_2,
          nicolae_vaults_trapezoid_2, layout_vaults_ring
Vaults:5: uniq_mennas
Depths:1: layout_basic, serial_bayou_lagoon_a, grunt_hell_entry_dis_mu,
          hangedman_abyss_or_decor_stabs, evilmike_spriggan_trog_shrine,
          minmay_shoptagon
Depths:2: minmay_the_grid_octo_tiled_octocenter [minmay_the_grid_octo_clover_2,
          minmay_the_grid_octo_empty, minmay_the_grid_octo_fat_diamond,
          minmay_the_grid_octo_teeth,
          minmay_the_grid_octo_prize_square_snowflake,
          minmay_the_grid_square_5x5_spiral, minmay_the_grid_square_5x5_v,
          minmay_the_grid_square_5x5_six_small,
          minmay_the_grid_square_5x5_tri_point], layout_honeycomb,
          grunt_pan_entry_sceptre, serial_shops, bzr_in_the_mist, hell_entry,
          grunt_decor_arrowhead, fountainhead, hellmonk_scale_shop
Depths:3: minmay_swirls_squares, layout_gridville, gammafunk_ghost_crypt,
          hell_entry, serial_hangedman_research,
          hangedman_research_metamorphosis, hangedman_research_electronics,
          hangedman_research_thanatology, hangedman_research_pyrotechnics,
          abyss_entry, kennysheep_decorative_pillar
Depths:4: lemuel_castle_with_subvaults [lemuel_castle_interior_carwin_3],
          layout_gridlike, enter_ziggurat_c, lemuel_coloured_pillars_altar,
          hell_entry, st_stairs_13, kennysheep_random_hallway,
          serial_bayou_shore_a
Pan:      evilmike_holy_pan, regret_index_pan_draining_boxed,
          layout_pan_divisions_b [pan_division_quadrant_b1,
          pan_division_quadrant_b1, pan_division_quadrant_b1,
          pan_division_quadrant_b1], nicolae_pan_mnolegish_1,
          nicolae_pan_sigil_itan, grunt_pan_zigzag, layout_small_grid,
          rand_demon_3, layout_irregular_city, pan_blood_fountain,
          pan_blood_fountain_small, evilmike_mini_pan_thingy,
          layout_pan_divisions_b [pan_division_quadrant_b6,
          pan_division_quadrant_b1, pan_division_quadrant_b4,
          pan_division_quadrant_b3], nicolae_pan_sigil_itan,
          lom_lobon_spiral_st, layout_pan_divisions_b [pan_division_quadrant_b6,
          pan_division_quadrant_b3, pan_division_quadrant_b3,
          pan_division_quadrant_b2], pan_blood_fountain_2, evilmike_mini_pan_T,
          layout_chambers, grunt_pan_in_and_out, layout_cellular_growth,
          grunt_pan_spiral, layout_chambers, evilmike_cerebov_lava,
          layout_gridlike

Skill      XL: |  1  2  3  4  5  6  7  8  9 10 11 12 13 14 15 16 17 18 19 20 21 22 23 24 25 26 |
---------------+-------------------------------------------------------------------------------+-----
Spellcasting   | 3 4 5 6 7 8 9 11 12 13 16 18 19 20 21 22 | 22.8
Earth Magic    | 4 5 6 7 8 9 11 14 16 17 18 20 | 20.8
Conjurations   | 5 6 8 10 | 10.0
Invocations    | 4 7 10 | 10.3
Transmutations | 3 5 6 11 14 | 14.0
Necromancy     | 6 11 12 13 16 18 | 18.0
Fighting       | 5 8 |  8.0
Dodging        | 6 |  6.6
Poison Magic   | 2 8 11 | 11.7
Fire Magic     | 2 8 12 | 12.0
Air Magic      | 2 8 12 13 17 18 | 18.0
Ice Magic      | 4 |  4.0
Armour         | 1 6 |  6.0
Translocations | 4 |  4.6
Long Blades    | 2 8 13 14 | 14.0
Evocations     | 1 |  1.8
Stealth        | |  1.4

Action                     |  1- 3 |  4- 6 |  7- 9 | 10-12 | 13-15 | 16-18 | 19-21 | 22-24 | 25-27 || total
---------------------------+-------+-------+-------+-------+-------+-------+-------+-------+-------++-------
  Melee: Unarmed           |     2 |       |       |       |       |       |       |       |       ||     2
         Halberd           |       |       |     3 |     5 |     5 |       |       |       |       ||    13
         Whip              |       |       |       |       |     1 |       |       |       |       ||     1
         Staff             |       |       |       |       |       |     4 |       |       |       ||     4
         Double sword      |       |       |       |       |       |       |       |     1 |       ||     1
         Scimitar          |       |       |       |       |       |       |       |       |    40 ||    40
   Cast: Sandblast         |    39 |    53 |    78 |   140 |    40 |     8 |     1 |       |       ||   359
         Passwall          |     1 |     1 |     3 |     6 |     5 |     6 |     3 |    19 |    11 ||    55
         Stone Arrow       |       |     5 |    33 |    89 |    92 |   107 |       |       |       ||   326
         Death Channel     |       |       |       |     1 |    21 |    20 |    16 |    25 |    15 ||    98
         Borgnjor's Vile C |       |       |       |       |    89 |    70 |   102 |   123 |    36 ||   420
         Animate Dead      |       |       |       |       |    13 |    15 |    14 |     9 |       ||    51
         Eringya's Noxious |       |       |       |       |     6 |    46 |    15 |    11 |     4 ||    82
         Frozen Ramparts   |       |       |       |       |       |     8 |     5 |       |       ||    13
         Ozocubu's Armour  |       |       |       |       |       |     2 |       |       |       ||     2
         Plasma Beam       |       |       |       |       |       |    23 |    16 |     7 |     2 ||    48
         Iron Shot         |       |       |       |       |       |    32 |   124 |   142 |   111 ||   409
         Apportation       |       |       |       |       |       |       |    86 |    43 |    16 ||   145
         Ignite Poison     |       |       |       |       |       |       |     2 |     1 |       ||     3
         Statue Form       |       |       |       |       |       |       |     9 |    11 |    13 ||    33
         Freezing Cloud    |       |       |       |       |       |       |    13 |    43 |    13 ||    69
         Infestation       |       |       |       |       |       |       |       |    22 |    57 ||    79
         Maxwell's Capacit |       |       |       |       |       |       |       |       |     6 ||     6
         Blink             |       |       |       |       |       |       |       |       |     1 ||     1
 Invoke: Channel Magic     |       |       |       |     1 |     1 |     9 |     4 |     5 |     8 ||    28
Ability: End Transformatio |       |       |       |       |       |       |     1 |     2 |     2 ||     5
  Evoke: Wand              |       |       |       |     1 |     2 |     4 |     6 |       |     2 ||    15
         Box of beasts     |       |       |       |       |       |     1 |     1 |       |       ||     2
    Use: Scroll            |       |       |     6 |     6 |    10 |    19 |     9 |     4 |     5 ||    59
         Potion            |       |       |       |       |     1 |     7 |     3 |       |     1 ||    12
 Armour: Robe              |     5 |       |    10 |    27 |    70 |    62 |       |       |       ||   174
         Ring mail         |       |       |    23 |    61 |       |       |       |       |       ||    84
         Troll leather arm |       |       |       |       |       |     2 |    22 |    38 |    10 ||    72
         Skin              |       |       |       |       |       |       |    41 |    68 |   116 ||   225
  Dodge: Dodged            |    17 |    13 |    30 |    85 |    96 |   118 |   100 |   130 |   171 ||   760
  Block: Buckler           |       |       |       |       |       |       |       |    29 |    97 ||   126
         Reflection        |       |       |       |       |       |       |       |     2 |    10 ||    12
